| TOP OF THE 1ST |
|
Gwinnett Braves batting - Pitching for Louisville Bats : LHP William Lobo
|
|
Pitching: LHP William Lobo
|
|
|
Batting: RHB Alex Munoz
|
0-0: Ball 1-0: Ground out U3 (Groundball, 34, EV 85.6 MPH)
|
|
Batting: RHB Luis Revilla
|
0-0: Ball 1-0: Ball 2-0: Swinging Strike 2-1: Ball 3-1: Base on Balls
|
|
Batting: RHB Bill Turnbull
|
0-0: Ball 1-0: Ball 2-0: Ball 3-0: Base on Balls Luis Revilla to second
|
|
Batting: RHB Ian Sousa
|
0-0: Ball 1-0: Foul Ball, location: 2F 1-1: Ball 2-1: Foul Ball, location: 2F 2-2: DOUBLE (Line Drive, 7LM, EV 100.0 MPH) Luis Revilla scores Bill Turnbull to third
|
|
Batting: LHB Curt Nelson
|
0-0: Ball 1-0: Called Strike 1-1: Foul Ball, location: 2F 1-2: Strikes out swinging
|
|
Batting: RHB Jesse Lester
|
0-0: Ball Wild Pitch! Bill Turnbull scores Ian Sousa to third 1-0: Ball 2-0: Ball 3-0: Foul Ball, location: 2F 3-1: Base on Balls
|
|
Batting: SHB Tim Rodgers
|
0-0: Ball Jesse Lester steals 2nd base 1-0: Ground out 5-3 (Groundball, 56S, EV 91.9 MPH)
|
| Top of the 1st over - 2 runs, 1 hit, 0 errors, 2 left on base; Gwinnett 2 - Louisville 0 |
| BOTTOM OF THE 1ST |
|
Louisville Bats batting - Pitching for Gwinnett Braves : RHP Chris Bedard
|
|
Pitching: RHP Chris Bedard
|
|
|
Batting: RHB Willie Lazcano
|
0-0: Fly out, F1 (Line Drive, P, EV 71.9 MPH)
|
|
Batting: RHB Chase Briney
|
0-0: Called Strike 0-1: Foul Ball, location: 2F 0-2: Foul Ball, location: 2F 0-2: Strikes out looking
|
|
Batting: LHB Randy Racine
|
0-0: Called Strike 0-1: Swinging Strike 0-2: Foul Ball, location: 2F 0-2: Foul Ball, location: 2F 0-2: Strikes out swinging
|
| Bottom of the 1st over - 0 runs, 0 hits, 0 errors, 0 left on base; Gwinnett 2 - Louisville 0 |
| TOP OF THE 2ND |
|
Gwinnett Braves batting - Pitching for Louisville Bats : LHP William Lobo
|
|
Batting: RHB T.J. Jordan
|
0-0: Foul Ball, location: 2F 0-1: Foul Ball, location: 2F 0-2: Ball 1-2: Ball 2-2: Ball 3-2: Foul Ball, location: 2F 3-2: Fly out, F9 (Flyball, 89XD, EV 110.0 MPH)
|
|
Batting: LHB Davey Schonewille
|
0-0: Ball 1-0: Ball 2-0: Ball 3-0: Base on Balls
|
|
Batting: RHB Alex Munoz
|
0-0: Called Strike 0-1: Foul Ball, location: 2F 0-2: Ball 1-2: Ball 2-2: Strikes out swinging
|
|
Batting: RHB Luis Revilla
|
0-0: Called Strike 0-1: Swinging Strike 0-2: Ball 1-2: Ball 2-2: Foul Ball, location: 2F 2-2: Ground out 6-3 (Groundball, 56, EV 91.9 MPH)
|
| Top of the 2nd over - 0 runs, 0 hits, 0 errors, 1 left on base; Gwinnett 2 - Louisville 0 |
| BOTTOM OF THE 2ND |
|
Louisville Bats batting - Pitching for Gwinnett Braves : RHP Chris Bedard
|
|
Batting: SHB Freddie Farrar
|
0-0: Called Strike 0-1: Ball 1-1: Ball 2-1: Swinging Strike 2-2: Fly out, F7 (Line Drive, 7, EV 106.9 MPH)
|
|
Batting: SHB Tim Utz
|
0-0: Foul Ball, location: 2F 0-1: Fly out, F8 (Flyball, 78XD, EV 91.9 MPH)
|
|
Batting: RHB Danny Real
|
0-0: Ball 1-0: Ball 2-0: Ground out 6-3 (Groundball, 56, EV 98.1 MPH)
|
| Bottom of the 2nd over - 0 runs, 0 hits, 0 errors, 0 left on base; Gwinnett 2 - Louisville 0 |
| TOP OF THE 3RD |
|
Gwinnett Braves batting - Pitching for Louisville Bats : LHP William Lobo
|
|
Batting: RHB Bill Turnbull
|
0-0: Called Strike 0-1: Ball 1-1: Ball 2-1: Ball 3-1: SINGLE (Groundball, 34D, EV 96.9 MPH)
|
|
Batting: RHB Ian Sousa
|
0-0: Ball 1-0: Fly out, F9 (Flyball, 9LS, EV 86.9 MPH)
|
|
Batting: LHB Curt Nelson
|
0-0: Ball 1-0: Foul Ball, location: 2F 1-1: Ball 2-1: Called Strike 2-2: Foul Ball, location: 2F 2-2: Foul Ball, location: 2F 2-2: SINGLE (Groundball, 4MS, EV 66.9 MPH) (infield hit) Bill Turnbull to second
|
|
Batting: RHB Jesse Lester
|
0-0: Ball 1-0: Called Strike 1-1: Fielders Choice at 2nd, 6-4 (Groundball, 6, EV 82.5 MPH) Bill Turnbull to third
|
|
Batting: SHB Tim Rodgers
|
0-0: SINGLE (Groundball, 6MD, EV 98.8 MPH) Bill Turnbull scores Jesse Lester to second Runner from 2nd tries for 3rd, SAFE, no throw by CF
|
|
Batting: RHB T.J. Jordan
|
0-0: Called Strike 0-1: Foul Ball, location: 2F 0-2: Fly out, F7 (Flyball, 7D, EV 96.9 MPH)
|
| Top of the 3rd over - 1 run, 3 hits, 0 errors, 2 left on base; Gwinnett 3 - Louisville 0 |
| BOTTOM OF THE 3RD |
|
Louisville Bats batting - Pitching for Gwinnett Braves : RHP Chris Bedard
|
|
Batting: SHB Paul Sandoval
|
0-0: Called Strike 0-1: SINGLE (Flyball, 5D, EV 101.9 MPH)
|
|
Batting: RHB Gerald de Vries
|
0-0: Ball 1-0: Called Strike 1-1: Ball 2-1: Swinging Strike 2-2: Foul Ball, location: 2F 2-2: Strikes out swinging
|
|
Batting: RHB Yasusaburo Kuwahara
|
0-0: Ball 1-0: Called Strike 1-1: Called Strike 1-2: Strikes out looking
|
|
Batting: RHB Willie Lazcano
|
0-0: Ball Paul Sandoval steals 2nd base (no throw) 1-0: SINGLE (Groundball, 3S, EV 73.8 MPH) (infield hit) Paul Sandoval to third
|
|
Batting: RHB Chase Briney
|
0-0: Called Strike Willie Lazcano steals 2nd base 0-1: Ball 1-1: Foul Ball, location: 2F 1-2: Ball 2-2: SINGLE (Flyball, 3D, EV 91.3 MPH) Paul Sandoval scores Willie Lazcano to third Runner from 3rd tries for Home, SAFE, throw by RF to home
|
|
Batting: LHB Randy Racine
|
0-0: Ball 1-0: Ball 2-0: Foul Ball, location: 2F 2-1: Foul Ball, location: 2F 2-2: SINGLE (Groundball, 4MD, EV 106.3 MPH) Chase Briney to second Runner from 2nd tries for 3rd, SAFE, throw by CF made to third
|
|
Batting: SHB Freddie Farrar
|
0-0: SINGLE (Groundball, 56D, EV 104.4 MPH) Chase Briney scores Randy Racine to second
|
|
Batting: SHB Tim Utz
|
0-0: Ball 1-0: Ball 2-0: Foul Ball, location: 2F 2-1: Foul Ball, location: 2F 2-2: Foul Ball, location: 2F 2-2: Ball 3-2: Ground out 6-3 (Groundball, 6M, EV 90.6 MPH)
|
| Bottom of the 3rd over - 3 runs, 5 hits, 0 errors, 2 left on base; Gwinnett 3 - Louisville 3 |
| TOP OF THE 4TH |
|
Gwinnett Braves batting - Pitching for Louisville Bats : LHP William Lobo
|
|
Batting: LHB Davey Schonewille
|
0-0: Called Strike 0-1: Ball 1-1: Ball 2-1: Foul Ball, location: 2F 2-2: Ball 3-2: Foul Ball, location: 2F 3-2: Base on Balls
|
|
Batting: RHB Alex Munoz
|
0-0: Swinging Strike 0-1: Fly out, F9 (Flyball, 9D, EV 84.4 MPH)
|
|
Batting: RHB Luis Revilla
|
0-0: Ball 1-0: Ball 2-0: Foul Ball, location: 2F 2-1: Foul Ball, location: 2F 2-2: Strikes out swinging
|
|
Batting: RHB Bill Turnbull
|
0-0: Swinging Strike Davey Schonewille steals 2nd base 0-1: Foul Ball, location: 2F 0-2: Foul Ball, location: 2F 0-2: Foul Ball, location: 2F 0-2: Ball 1-2: Fly out, F9 (Flyball, 9S, EV 90.0 MPH)
|
| Top of the 4th over - 0 runs, 0 hits, 0 errors, 1 left on base; Gwinnett 3 - Louisville 3 |
| BOTTOM OF THE 4TH |
|
Louisville Bats batting - Pitching for Gwinnett Braves : RHP Chris Bedard
|
|
Batting: RHB Danny Real
|
0-0: Called Strike 0-1: Fly out, F7 (Flyball, 7LM, EV 91.3 MPH)
|
|
Batting: SHB Paul Sandoval
|
0-0: Called Strike 0-1: Ball 1-1: Ball 2-1: Called Strike 2-2: Ball 3-2: Strikes out swinging
|
|
Batting: RHB Gerald de Vries
|
0-0: Ball 1-0: Ball 2-0: Foul Ball, location: 2F 2-1: Called Strike 2-2: Strikes out swinging
|
| Bottom of the 4th over - 0 runs, 0 hits, 0 errors, 0 left on base; Gwinnett 3 - Louisville 3 |
| TOP OF THE 5TH |
|
Gwinnett Braves batting - Pitching for Louisville Bats : LHP William Lobo
|
|
Batting: RHB Ian Sousa
|
0-0: Foul Ball, location: 2F 0-1: Ground out 4-3 (Groundball, 4M, EV 88.1 MPH)
|
|
Batting: LHB Curt Nelson
|
0-0: Fly out, F7 (Flyball, 7S, EV 80.0 MPH)
|
|
Batting: RHB Jesse Lester
|
0-0: Ball 1-0: Ball 2-0: DOUBLE (Flyball, 78XD, EV 103.1 MPH)
|
|
Batting: SHB Tim Rodgers
|
0-0: DOUBLE (Groundball, 5L, EV 101.9 MPH) Jesse Lester scores
|
|
Batting: RHB T.J. Jordan
|
0-0: SINGLE (Flyball, 56D, EV 92.5 MPH) Tim Rodgers to third Runner from 3rd tries for Home, throw by LF and OUT! 7-2
|
| Top of the 5th over - 1 run, 3 hits, 0 errors, 1 left on base; Gwinnett 4 - Louisville 3 |
| BOTTOM OF THE 5TH |
|
Louisville Bats batting - Pitching for Gwinnett Braves : RHP Chris Bedard
|
|
Batting: RHB Yasusaburo Kuwahara
|
0-0: Ball 1-0: Foul Ball, location: 2F 1-1: DOUBLE (Groundball, 5L, EV 106.9 MPH)
|
|
Batting: RHB Willie Lazcano
|
0-0: Ball 1-0: Ball 2-0: Ground out 4-3 (Groundball, 4, EV 110.6 MPH) Yasusaburo Kuwahara to third
|
|
Batting: RHB Chase Briney
|
0-0: Called Strike 0-1: Ball 1-1: Fly out, F3 (Popup, 3F, EV 77.5 MPH)
|
|
Batting: LHB Randy Racine
|
0-0: Ball 1-0: Ball 2-0: Called Strike 2-1: Ball 3-1: Ground out 4-3 (Groundball, 4, EV 92.5 MPH)
|
| Bottom of the 5th over - 0 runs, 1 hit, 0 errors, 1 left on base; Gwinnett 4 - Louisville 3 |
| TOP OF THE 6TH |
|
Gwinnett Braves batting - Pitching for Louisville Bats : LHP William Lobo
|
|
Pitching: LHP Omar Guardado
|
|
|
Batting: LHB Davey Schonewille
|
0-0: Ball 1-0: Called Strike 1-1: Foul Ball, location: 2F 1-2: Ball 2-2: Ground out 4-3 (Groundball, 4, EV 79.4 MPH)
|
|
Batting: RHB Alex Munoz
|
0-0: Ball 1-0: Ball 2-0: Called Strike 2-1: Ball 3-1: Foul Ball, location: 2F 3-2: Ground out U3 (Groundball, 3S, EV 90.0 MPH)
|
|
Batting: RHB Luis Revilla
|
0-0: Ball 1-0: Ball 2-0: Ball 3-0: Called Strike 3-1: Base on Balls
|
|
Batting: RHB Bill Turnbull
|
0-0: Ball 1-0: Swinging Strike 1-1: Called Strike 1-2: Foul Ball, location: 2F 1-2: Ball 2-2: Ball Wild Pitch! Luis Revilla to second 3-2: Strikes out looking
|
| Top of the 6th over - 0 runs, 0 hits, 0 errors, 1 left on base; Gwinnett 4 - Louisville 3 |
| BOTTOM OF THE 6TH |
|
Louisville Bats batting - Pitching for Gwinnett Braves : RHP Chris Bedard
|
|
Batting: SHB Freddie Farrar
|
0-0: Foul Ball, location: 2F 0-1: Fly out, F8 (Flyball, 8RM, EV 84.4 MPH)
|
|
Batting: SHB Tim Utz
|
0-0: Called Strike 0-1: Ball 1-1: Foul Ball, location: 2F 1-2: Ball 2-2: DOUBLE (Groundball, 3L, EV 105.0 MPH)
|
|
Batting: RHB Danny Real
|
0-0: Ball 1-0: Ball 2-0: Ball 3-0: Called Strike 3-1: SINGLE (Flyball, 4D, EV 86.3 MPH) Tim Utz to third
|
|
Batting: SHB Paul Sandoval
|
0-0: Ball 1-0: Called Strike 1-1: Ball 2-1: Called Strike Danny Real steals 2nd base 2-2: Strikes out swinging
|
|
Pitching: RHP Brian Garrett
|
|
|
Batting: RHB Gerald de Vries
|
0-0: Ball 1-0: Called Strike 1-1: SINGLE (Groundball, 4S, EV 76.9 MPH) (infield hit) Tim Utz scores Danny Real to third
|
|
Batting: RHB Yasusaburo Kuwahara
|
0-0: SINGLE (Flyball, 3D, EV 95.0 MPH) Danny Real scores Gerald de Vries to second
|
|
Batting: RHB Willie Lazcano
|
0-0: Foul Ball, location: 2F 0-1: Ball 1-1: Ball 2-1: Ball 3-1: Foul Ball, location: 2F 3-2: Ground out U3 (Groundball, 34, EV 80.0 MPH)
|
| Bottom of the 6th over - 2 runs, 4 hits, 0 errors, 2 left on base; Gwinnett 4 - Louisville 5 |
| TOP OF THE 7TH |
|
Gwinnett Braves batting - Pitching for Louisville Bats : LHP Omar Guardado
|
|
Batting: RHB Ian Sousa
|
0-0: SOLO HOME RUN (Flyball, 78XD, EV 97.5 MPH), Distance : 386 ft
|
|
Batting: LHB Curt Nelson
|
0-0: Called Strike 0-1: Ball 1-1: Foul Ball, location: 2F 1-2: Ground out 4-3 (Groundball, 4, EV 81.9 MPH)
|
|
Batting: RHB Jesse Lester
|
0-0: Ball 1-0: Fly out, F7 (Flyball, 7LS, EV 89.4 MPH)
|
|
Batting: SHB Tim Rodgers
|
0-0: Called Strike 0-1: Ball 1-1: Ball 2-1: Ground out 6-3 (Groundball, 6M, EV 100.6 MPH)
|
| Top of the 7th over - 1 run, 1 hit, 0 errors, 0 left on base; Gwinnett 5 - Louisville 5 |
| BOTTOM OF THE 7TH |
|
Louisville Bats batting - Pitching for Gwinnett Braves : RHP Brian Garrett
|
|
Batting: RHB Chase Briney
|
0-0: SINGLE (Flyball, 3D, EV 88.8 MPH)
|
|
Batting: LHB Randy Racine
|
0-0: Foul Ball, location: 2F 0-1: Foul Ball, location: 2F 0-2: Fielders Choice at 2nd, 1-6 (Groundball, 34S, EV 66.3 MPH)
|
|
Batting: SHB Freddie Farrar
|
0-0: Ball 1-0: Grounds into double play, 6-4-3 (Groundball, 6S, EV 83.1 MPH)
|
| Bottom of the 7th over - 0 runs, 1 hit, 0 errors, 0 left on base; Gwinnett 5 - Louisville 5 |
| TOP OF THE 8TH |
|
Gwinnett Braves batting - Pitching for Louisville Bats : LHP Omar Guardado
|
|
Pitching: RHP Gwidon Kaminski
|
|
|
Pinch Hitting: LHB Jose Chinchilla
|
0-0: Foul Ball, location: 2F 0-1: Called Strike 0-2: Strikes out looking
|
|
Batting: LHB Davey Schonewille
|
0-0: Ball 1-0: Ball 2-0: Called Strike 2-1: Foul Ball, location: 2F 2-2: Foul Ball, location: 2F 2-2: Strikes out swinging
|
|
Pinch Hitting: LHB Ricky Ayon
|
0-0: Ball 1-0: Ball 2-0: Foul Ball, location: 2F 2-1: Foul Ball, location: 2F 2-2: Strikes out looking
|
| Top of the 8th over - 0 runs, 0 hits, 0 errors, 0 left on base; Gwinnett 5 - Louisville 5 |
| BOTTOM OF THE 8TH |
|
Louisville Bats batting - Pitching for Gwinnett Braves : RHP Brian Garrett
|
|
Now at C: Ethan McCullough
|
|
|
Now at SS: Bobby Light
|
|
|
Batting: SHB Tim Utz
|
0-0: Called Strike 0-1: Ball 1-1: Ball 2-1: Called Strike 2-2: Ball 3-2: Fly out, F8 (Line Drive, 8LM, EV 88.8 MPH)
|
|
Batting: RHB Danny Real
|
0-0: Ball 1-0: Called Strike 1-1: Ground out 6-3 (Groundball, 6, EV 106.3 MPH)
|
|
Batting: SHB Paul Sandoval
|
0-0: Ball 1-0: Foul Ball, location: 2F 1-1: SINGLE (Groundball, 4MD, EV 101.9 MPH)
|
|
Batting: RHB Gerald de Vries
|
0-0: Called Strike 0-1: Ball 1-1: Ball Paul Sandoval is caught stealing 2nd base 2-4
|
| Bottom of the 8th over - 0 runs, 1 hit, 0 errors, 0 left on base; Gwinnett 5 - Louisville 5 |
| TOP OF THE 9TH |
|
Gwinnett Braves batting - Pitching for Louisville Bats : RHP Gwidon Kaminski
|
|
Batting: RHB Luis Revilla
|
0-0: Called Strike 0-1: Foul Ball, location: 2F 0-2: Ball 1-2: Strikes out looking
|
|
Batting: RHB Bill Turnbull
|
0-0: Foul Ball, location: 2F 0-1: Swinging Strike 0-2: Ball 1-2: Strikes out swinging
|
|
Batting: RHB Ian Sousa
|
0-0: Ball 1-0: Called Strike 1-1: Foul Ball, location: 2F 1-2: Ball 2-2: Foul Ball, location: 2F 2-2: SINGLE (Flyball, 3D, EV 95.0 MPH)
|
|
Batting: LHB Curt Nelson
|
0-0: Ball 1-0: Foul Ball, location: 2F 1-1: Ball 2-1: Ball 3-1: Ground out 4-3 (Groundball, 4S, EV 82.5 MPH)
|
| Top of the 9th over - 0 runs, 1 hit, 0 errors, 1 left on base; Gwinnett 5 - Louisville 5 |
| BOTTOM OF THE 9TH |
|
Louisville Bats batting - Pitching for Gwinnett Braves : RHP Brian Garrett
|
|
Pitching: RHP Craig Noble
|
|
|
Batting: RHB Gerald de Vries
|
0-0: Fly out, F6 (Line Drive, 6, EV 70.0 MPH)
|
|
Batting: RHB Yasusaburo Kuwahara
|
0-0: Ball 1-0: Ground out 5-3 (Groundball, 56, EV 81.9 MPH)
|
|
Batting: RHB Willie Lazcano
|
0-0: Ball 1-0: Fly out, F9 (Flyball, 89S, EV 83.1 MPH)
|
| Bottom of the 9th over - 0 runs, 0 hits, 0 errors, 0 left on base; Gwinnett 5 - Louisville 5 |
| TOP OF THE 10TH |
|
Gwinnett Braves batting - Pitching for Louisville Bats : RHP Gwidon Kaminski
|
|
Batting: RHB Jesse Lester
|
0-0: Ball 1-0: SINGLE (Groundball, 4MD, EV 97.5 MPH)
|
|
Pitching: LHP Elijah McLeod
|
|
|
Batting: SHB Tim Rodgers
|
0-0: Called Strike Jesse Lester steals 2nd base 0-1: Ball 1-1: SINGLE (Groundball, 56D, EV 99.4 MPH) Jesse Lester to third
|
|
Batting: RHB Ethan McCullough
|
0-0: Called Strike Tim Rodgers steals 2nd base (no throw) 0-1: Called Strike 0-2: Strikes out swinging
|
|
Batting: LHB Davey Schonewille
|
0-0: Intentional Walk
|
|
Pinch Hitting: LHB Bobby Upton
|
0-0: Fly out, F9 (Flyball, 9LM, EV 95.0 MPH) Runner from 3rd tags up, SCORES, throw by RF Tim Rodgers to third
|
|
Batting: RHB Luis Revilla
|
0-0: Ball 1-0: Ball 2-0: Foul Ball, location: 2F 2-1: Foul Ball, location: 2F 2-2: Foul Ball, location: 2F 2-2: Foul Ball, location: 2F 2-2: Ball 3-2: Base on Balls Davey Schonewille to second
|
|
Batting: RHB Bill Turnbull
|
0-0: Called Strike 0-1: Ground out 4-3 (Groundball, 4, EV 89.4 MPH)
|
| Top of the 10th over - 1 run, 2 hits, 0 errors, 3 left on base; Gwinnett 6 - Louisville 5 |
| BOTTOM OF THE 10TH |
|
Louisville Bats batting - Pitching for Gwinnett Braves : RHP Craig Noble
|
|
Now at C: Angel Lescano
|
|
|
Now at 1B: Ian Sousa
|
|
|
Now at SS: Ethan McCullough
|
|
|
Batting: RHB Chase Briney
|
0-0: Called Strike 0-1: SINGLE (Line Drive, 78M, EV 105.6 MPH)
|
|
Batting: LHB Randy Racine
|
0-0: Called Strike 0-1: Grounds into double play, 4-6-3 (Groundball, 34, EV 86.3 MPH)
|
|
Batting: SHB Freddie Farrar
|
0-0: Ball 1-0: Foul Ball, location: 2F 1-1: Swinging Strike 1-2: SINGLE (Groundball, 56S, EV 76.3 MPH) (infield hit)
|
|
Batting: SHB Tim Utz
|
0-0: Foul Ball, location: 2F 0-1: Ball 1-1: Ball 2-1: Ball 3-1: Swinging Strike 3-2: Base on Balls Freddie Farrar to second
|
|
Batting: RHB Danny Real
|
0-0: SINGLE (Groundball, 6D, EV 96.3 MPH) Freddie Farrar to third Tim Utz to second Runner from 3rd tries for Home, throw by CF and OUT! 8-2
|
| Bottom of the 10th over - 0 runs, 3 hits, 0 errors, 2 left on base; Gwinnett 6 - Louisville 5 |
|